 Dungeon Crawl Stone Soup version 0.24-a0-271-ga0fc33f (webtiles) character file.

Game seed: 10914076507746768140

3765 mistymad the Prestidigitator (level 10, -2/75 HPs)
             Began as a Gnoll Artificer on Apr 23, 2019.
             Was a Believer of Wu Jian.
             Killed from afar by Harold (4 damage)
             ... with a harpoon shot
             ... on level 7 of the Dungeon.
             The game lasted 00:27:55 (10271 turns).

mistymad the Prestidigitator (Gnoll Artificer)     Turns: 10271, Time: 00:27:56

Health: -2/75      AC: 12    Str: 17    XL:     10   Next: 15%
Magic:  17/17      EV: 10    Int: 14    God:    Wu Jian [**....]
Gold:   439        SH:  0    Dex: 16    Spells: 17/18 levels left

rFire    . . .     SeeInvis .   e - -2 long sword (curse)
rCold    . . .     Gourm    .   (no shield)
rNeg     + . .     Faith    .   C - +0 chain mail
rPois    .         Spirit   .   (no helmet)
rElec    .         Reflect  .   (no cloak)
rCorr    .         Harm     .   (no gloves)
MR       .....                  v - +1 pair of boots
Stlth    ..........             w - amulet of magic regeneration (curse)
HPRegen  0.22/turn              g - ring of positive energy
MPRegen  0.40/turn              (no ring)

@: no status effects
A: distributed training, fangs 1, strong nose
a: Wall Jump, Renounce Religion


You were on level 7 of the Dungeon.
You worshipped Wu Jian.
Wu Jian was pleased with you.
You were not hungry.

You visited 2 branches of the dungeon, and saw 9 of its levels.

You collected 439 gold pieces.

Inventory:

Hand Weapons
 d - the cursed +0 rapier of the Visionary {freeze, Str+6 Stlth+}
   (You took it off a big kobold on level 8 of the Dungeon)

   It has been specially enchanted to freeze those struck by it, causing extra
   injury to most foes and up to half again as much damage against particularly
   susceptible opponents.
   It can also slow down cold-blooded creatures.
   It affects your strength (+6).
   It makes you more stealthy.
   It has a curse placed upon it.
 e - a cursed -2 long sword (weapon)
 o - a +1 short sword of protection
 B - a +0 falchion
 D - a +1 dire flail of protection
Missiles
 m - 8 silver tomahawks (quivered)
 s - 2 tomahawks of returning
 x - 4 tomahawks
 E - 5 javelins
Armour
 v - a +1 pair of boots (worn)
 C - a +0 chain mail (worn)
Jewellery
 g - a ring of positive energy (left hand)
 w - a cursed amulet of magic regeneration (around neck)
Wands
 G - a wand of iceblast (3)
Scrolls
 j - 6 scrolls of magic mapping
 k - a scroll of teleportation
 r - 3 scrolls of immolation
 t - 2 scrolls of enchant weapon
Potions
 b - 5 potions of agility
 n - 3 potions of berserk rage {!q}
 p - 2 potions of flight
 z - a potion of brilliance
 A - 4 potions of heal wounds
 H - a potion of mutation {!q}
Comestibles
 f - 17 rations


   Skills:
 + Level 5.6 Fighting
 + Level 5.6 Short Blades
 + Level 4.9 Long Blades
 + Level 4.9 Axes
 + Level 4.9 Maces & Flails
 + Level 4.9 Polearms
 + Level 4.9 Staves
 + Level 4.9 Slings
 + Level 4.9 Bows
 + Level 4.9 Crossbows
 + Level 4.9 Throwing
 + Level 4.9 Armour
 + Level 6.8 Dodging
 + Level 5.5 Stealth
 + Level 4.9 Shields
 + Level 4.9 Unarmed Combat
 + Level 4.9 Spellcasting
 + Level 4.0 Conjurations
 + Level 4.0 Hexes
 + Level 4.0 Charms
 + Level 4.0 Summonings
 + Level 4.0 Necromancy
 + Level 4.0 Translocations
 + Level 4.0 Transmutations
 + Level 4.0 Fire Magic
 + Level 4.0 Ice Magic
 + Level 4.0 Air Magic
 + Level 4.0 Earth Magic
 + Level 4.0 Poison Magic
 + Level 5.4 Invocations
 + Level 8.3 Evocations


You had 17 spell levels left.
You knew the following spells:

 Your Spells              Type           Power        Failure   Level  Hunger
a - Apportation           Tloc           ##....       41%         1    None

Your spell library contained the following spells:

 Spells                   Type           Power        Failure   Level  Hunger
 Animate Skeleton         Necr           N/A          41%         1    None
 Confusing Touch          Hex            ##....       41%         1    None
 Freeze                   Ice            ##..         41%         1    None
 Summon Small Mammal      Summ           ##..         41%         1    None
 Throw Frost              Conj/Ice       ##....       56%         2    ##.....
 Ozocubu's Armour         Chrm/Ice       ##......     80%         3    ###....
 Summon Ice Beast         Ice/Summ       ##......     99%         4    ####...
 Throw Icicle             Conj/Ice       ##......     99%         4    ####...


Dungeon Overview and Level Annotations

Branches:
Dungeon (8/15)             Temple (1/1) D:4
   Lair: D:8-11

Altars:
Ashenzari
Cheibriados
Dithmenos
Elyvilon
Fedhas
Gozag
Hepliaklqana
Kikubaaqudgha
Makhleb
Nemelex Xobeh
Okawaru
Qazlal
Ru
Sif Muna
Trog
Uskayaw
Wu Jian
Xom
Yredelemnul
Zin
The Shining One

Shops:
D:8 (

Annotations:
D:7 Harold


Innate Abilities, Weirdness & Mutations

Your experience applies equally to all skills.
You have very sharp teeth.
Your uncanny sense of smell can sniff out nearby items.


Message History

Harold points at you and mumbles some strange words.
The harpoon shot hits you.
* * * LOW HITPOINT WARNING * * *
You are yanked forward by the harpoon shot.
You take 6 damage, and have 22/75 hp.
Harold hits you with a cursed -3 dire flail.
* * * LOW HITPOINT WARNING * * *
You take 1 damage, and have 21/75 hp.
Harold says happily, "The price on your head will fill my nest egg nicely!"
There is a fountain of clear blue water here.
Harold points at you and mumbles some strange words.
You barely resist. Harold casts a spell at you. The harpoon shot hits you!!
* * * LOW HITPOINT WARNING * * *
You are yanked forward by the harpoon shot.
You take 22 damage, and have 1/75 hp.
MASSIVE DAMAGE!!
Harold points at you and mumbles some strange words.
The harpoon shot hits you.
You die...

#.8...#.#...8.#....#.###
###########...'#.#'...###..##.#
..........#####...#####..>....#
...............^⌠........####.#
..........#####...#####.......###
.........##...'#.#'...#######....
.........#.8...#@#...8.#..#####..
#####'####.._..#.#.._..#.........
#......#.8.8.#@#.8.8.#..######.
#.....)##...##.##...##..# #.
#.......#####...#####...# #.
#.......##.#.#.....<#.#.# #.
#.......##.#...#.####.#.# #.
#.......##.#.#........#.# #.
#.......##...#...######.# #.
#..................≈..#.# #.
#........≈............#.#######


You could see Harold.

Vanquished Creatures
  2 hippogriffs
  A wyvern (D:8)
  Edmund (D:6)
  An orc warrior (D:7)
  A phantom (D:5)
  3 ogres
  3 big kobolds (D:8)
  A bullfrog (D:8)
  2 scorpions
  11 killer bees
  5 howler monkeys
  4 crimson imps
  A centaur zombie (D:6)
  A jelly (D:5)
  An orc priest (D:4)
  A hound (D:7)
  3 orc wizards
  A bullfrog skeleton (D:4)
  A centaur skeleton (D:5)
  Terence (D:3)
  9 worker ants
  A worker ant zombie (D:2)
  A gnoll (D:4)
  9 adders
  4 shadow imps
  2 oozes
  2 adder skeletons
  3 worms
  A dart slug (D:1)
  6 leopard geckos
  15 orcs
  6 bats
  5 giant cockroaches
  3 goblins
  7 hobgoblins
  26 jackals
  2 quokkas
  3 ball pythons
  6 frilled lizards
  A jackal skeleton (D:4)
  17 kobolds
  A quokka skeleton (D:7)
  5 rats
180 creatures vanquished.

Vanquished Creatures (collateral kills)
  A dancing weapon (D:7)
  The ghost of Protee the Magician, a novice GnSk of Cheibriados (D:7)
  2 killer bees (D:8)
  A howler monkey (D:8)
  A worker ant (D:8)
  4 gnolls (D:7)
10 creatures vanquished.

Vanquished Creatures (others)
  2 killer bees (D:8)
  A howler monkey (D:8)
3 creatures vanquished.

Grand Total: 193 creatures vanquished

Notes
Turn   | Place    | Note
-------+----------+-------------------------------------------
     0 | D:1      | mistymad the Gnoll Artificer began the quest for the Orb.
     0 | D:1      | Reached XP level 1. HP: 17/17 MP: 4/4
   147 | D:1      | Reached XP level 2. HP: 23/23 MP: 6/6
   314 | D:1      | Reached XP level 3. HP: 25/28 MP: 7/7
  1083 | D:2      | Reached skill level 1 in Invocations
  1323 | D:2      | Reached skill level 1 in Long Blades
  1323 | D:2      | Reached skill level 1 in Axes
  1323 | D:2      | Reached skill level 1 in Maces & Flails
  1323 | D:2      | Reached skill level 1 in Polearms
  1323 | D:2      | Reached skill level 1 in Staves
  1323 | D:2      | Reached skill level 1 in Slings
  1323 | D:2      | Reached skill level 1 in Bows
  1323 | D:2      | Reached skill level 1 in Crossbows
  1323 | D:2      | Reached skill level 1 in Throwing
  1323 | D:2      | Reached skill level 1 in Armour
  1323 | D:2      | Reached skill level 1 in Shields
  1323 | D:2      | Reached skill level 1 in Unarmed Combat
  1323 | D:2      | Reached skill level 1 in Spellcasting
  1339 | D:2      | Reached XP level 4. HP: 32/34 MP: 8/8
  1814 | D:3      | Noticed Terence
  1825 | D:3      | Killed Terence
  1825 | D:3      | Reached skill level 1 in Conjurations
  1825 | D:3      | Reached skill level 1 in Hexes
  1825 | D:3      | Reached skill level 1 in Charms
  1825 | D:3      | Reached skill level 1 in Summonings
  1825 | D:3      | Reached skill level 1 in Necromancy
  1825 | D:3      | Reached skill level 1 in Translocations
  1825 | D:3      | Reached skill level 1 in Transmutations
  1825 | D:3      | Reached skill level 1 in Fire Magic
  1825 | D:3      | Reached skill level 1 in Ice Magic
  1825 | D:3      | Reached skill level 1 in Air Magic
  1825 | D:3      | Reached skill level 1 in Earth Magic
  1825 | D:3      | Reached skill level 1 in Poison Magic
  1825 | D:3      | Reached XP level 5. HP: 37/40 MP: 9/9
  2175 | D:3      | Found a glowing golden altar of the Shining One.
  2950 | D:4      | Reached XP level 6. HP: 45/47 MP: 11/11
  3134 | D:4      | Reached skill level 5 in Dodging
  3353 | D:4      | Found a blossoming altar of Fedhas.
  3557 | D:4      | Reached XP level 7. HP: 49/52 MP: 12/12
  3619 | D:4      | Found a staircase to the Ecumenical Temple.
  3628 | Temple   | Entered the Ecumenical Temple
  3692 | Temple   | Became a worshipper of the Wu Jian Council
  4009 | D:5      | Entered Level 5 of the Dungeon
  4084 | D:5      | Reached skill level 7 in Evocations
  4112 | D:5      | Learned a level 1 spell: Apportation
  4381 | D:5      | HP: 2/52 [acid (10)]
  4939 | D:5      | Reached XP level 8. HP: 49/60 MP: 13/13
  5400 | D:6      | Found a basalt altar of Yredelemnul.
  5405 | D:6      | Found a deep blue altar of Sif Muna.
  5539 | D:6      | Noticed Edmund
  5602 | D:6      | Killed Edmund
  5923 | D:6      | Found a shadowy altar of Dithmenos.
  6128 | D:6      | Found a sparkling altar of Nemelex Xobeh.
  6677 | D:7      | Noticed a hippogriff
  6685 | D:7      | Killed a hippogriff
  6707 | D:7      | Found a sacrificial altar of Ru.
  6756 | D:7      | Reached * piety under Wu Jian
  6992 | D:7      | Found a stormy altar of Qazlal.
  7037 | D:7      | Found a hazy altar of Hepliaklqana.
  7065 | D:7      | Found a shattered altar of Ashenzari.
  7068 | D:7      | Found an opulent altar of Gozag.
  7071 | D:7      | Found a bloodstained altar of Trog.
  7343 | D:7      | Found a glowing silver altar of Zin.
  7359 | D:7      | Found a runed translucent door.
  7365 | D:7      | Found a shimmering altar of Xom.
  7365 | D:7      | Noticed Protee's ghost (novice GnSk)
  7366 | D:7      | Noticed a +0 whip of chaos
  7433 | D:7      | Noticed Harold
  7458 | D:7      | Reached XP level 9. HP: 26/66 MP: 14/14
  7471 | D:7      | Killed a +0 whip of chaos
  7481 | D:7      | Killed Protee's ghost
  7817 | D:7      | Reached skill level 5 in Fighting
  7817 | D:7      | Reached skill level 5 in Short Blades
  8113 | D:8      | Found Ruilout's Weapon Shop.
  8486 | D:8      | HP: 3/68 [wyvern (4)]
  8489 | D:8      | Reached skill level 5 in Stealth
  8853 | D:8      | Reached skill level 8 in Evocations
  9041 | D:8      | Reached skill level 5 in Invocations
  9057 | D:8      | Reached ** piety under Wu Jian
  9075 | D:8      | Noticed a queen bee
  9086 | D:8      | Reached XP level 10. HP: 24/74 MP: 17/17
  9579 | D:8      | Identified the cursed +0 rapier of the Visionary {freeze,
                  | Str+6 Stlth+}
 10269 | D:7      | HP: 1/75 [Harold/harpoon shot (22)]
 10271 | D:7      | Killed from afar by Harold

Levels and vault maps discovered:
D:1:      tarquinn_simple_flora_water_c, layout_basic
D:2:      layout_loops_ring, first_ration
D:3:      layout_basic, tso_altar, uniq_terence
D:4:      cheibrodos_barr_body, layout_loops_corners,
          minmay_temple_entry_stoned_glass, fedhas_altar_2
D:5:      layout_loops_cross
D:6:      layout_layer_cave, nicolae_overflow_hidden_temple,
          grunt_dithmenos_smoke, nemelex_xobeh_ov_fountains_minmay, uniq_edmund
D:7:      layout_basic, old_standard_altar, grunt_temple_overflow_cloverleaf,
          ebering_ghost_xom, basic_altar, nicolae_qazlal_general_emergency,
          uniq_harold
D:8:      cheibrodos_ideogram_h, layout_cave_pools, fiery_altar_vehumet,
          serial_shops, shop, david_nohive_1
Temple:   eino_wide_crystal_templ

Skill      XL: |  1  2  3  4  5  6  7  8  9 10 |
---------------+-------------------------------+-----
Invocations    | 1 2 3 4 5 |  5.4
Long Blades    | 1 2 3 4 |  4.9
Axes           | 1 2 3 4 |  4.9
Maces & Flails | 1 2 3 4 |  4.9
Polearms       | 1 2 3 4 |  4.9
Staves         | 1 2 3 4 |  4.9
Slings         | 1 2 3 4 |  4.9
Bows           | 1 2 3 4 |  4.9
Crossbows      | 1 2 3 4 |  4.9
Throwing       | 1 2 3 4 |  4.9
Armour         | 1 2 3 4 |  4.9
Shields        | 1 2 3 4 |  4.9
Unarmed Combat | 1 2 3 4 |  4.9
Spellcasting   | 1 2 3 4 |  4.9
Conjurations   | 1 2 3 4 |  4.0
Hexes          | 1 2 3 4 |  4.0
Charms         | 1 2 3 4 |  4.0
Summonings     | 1 2 3 4 |  4.0
Necromancy     | 1 2 3 4 |  4.0
Translocations | 1 2 3 4 |  4.0
Transmutations | 1 2 3 4 |  4.0
Fire Magic     | 1 2 3 4 |  4.0
Ice Magic      | 1 2 3 4 |  4.0
Air Magic      | 1 2 3 4 |  4.0
Earth Magic    | 1 2 3 4 |  4.0
Poison Magic   | 1 2 3 4 |  4.0
Fighting       | 3 4 5 |  5.6
Short Blades   | 3 4 5 |  5.6
Stealth        | 3 4 5 |  5.5
Dodging        | 5 6 |  6.8
Evocations     | 7 8 |  8.3

Action                   |  1- 3 |  4- 6 |  7- 9 | 10-12 || total
-------------------------+-------+-------+-------+-------++-------
Melee: Short sword       |   153 |   206 |   294 |       ||   653
       Bite              |    10 |    24 |   100 |     9 ||   143
       Punch             |       |     1 |     7 |     1 ||     9
       Dire flail        |       |       |   143 |       ||   143
       Long sword        |       |       |   188 |    52 ||   240
Throw: Tomahawk          |       |       |     1 |       ||     1
Invok: Lunge             |       |       |    33 |       ||    33
       Whirlwind         |       |       |    15 |     6 ||    21
Evoke: Wand              |       |    16 |    26 |    10 ||    52
  Use: Potion            |       |       |     2 |     1 ||     3
       Scroll            |       |       |    15 |     1 ||    16
 Stab: Sleeping          |       |     3 |     2 |       ||     5
       Confused          |       |       |     1 |       ||     1
  Eat: Chunk             |     2 |     6 |    16 |     1 ||    25
       Ration            |       |       |     1 |     1 ||     2
Armor: Ring mail         |    50 |    65 |    78 |       ||   193
       Chain mail        |       |       |   192 |    55 ||   247
Dodge: Dodged            |   130 |   127 |   326 |    34 ||   617
       Rpst.: Long sword |       |       |    38 |    12 ||    50

Table legend:
 A = Non-vault XP
 B = Vault XP
 C = Vault XP percentage of total XP
 D = Non-vault monster count
 E = Vault monster count
 F = Vault count percentage of total count
                 A         B        C        D         E       F
            +---------+---------+-------+---------+---------+-------
      Total |    3137 |    2242 |  41.7 |     162 |      28 |  14.7
            +---------+---------+-------+---------+---------+-------
        D:1 |      52 |       0 |   0.0 |      26 |       0 |   0.0
        D:2 |      53 |       0 |   0.0 |      11 |       0 |   0.0
        D:3 |      58 |      36 |  38.3 |      25 |       1 |   3.8
        D:4 |     411 |      74 |  15.3 |      20 |       7 |  25.9
        D:5 |     588 |       0 |   0.0 |      20 |       0 |   0.0
        D:6 |     215 |     153 |  41.6 |      10 |       1 |   9.1
        D:7 |    1069 |     833 |  43.8 |      28 |       2 |   6.7
        D:8 |     691 |    1146 |  62.4 |      22 |      17 |  43.6
            +---------+---------+-------+---------+---------+-------
